Map: Disco Bloodbath LE

Players

GOReynor (Reynor) - Winner!

  • Race: Zerg Zerg
  • League: Master
  • Spawn Location: 9:00

Denver

  • Race: Zerg Zerg
  • League: Master
  • Spawn Location: 3:00

Event: HomeStory Cup XX

VOD

Have the link to the VOD?

Description

Time

  • Played on: Nov. 21, 2019, 2:50 p.m.
  • Length: 6:50

All games in this series

Show
View Real Time Build Order
Export as new Build Order

GOReynor Zerg - Winner!

Build Orders: Hatch First 

Get SALT Encoding   

  12  0:01  Drone  
  13  0:12  Overlord  
  13  0:16  Drone  
  14  0:30  Drone x2  
  16  0:47  Hatchery  
  15  0:50  Drone  
  15  0:54  Drone  
  17  0:57  Drone  
  18  1:07  Extractor  
  17  1:12  Spawning Pool  
  17  1:15  Drone  
  17  1:19  Drone  
  18  1:27  Drone  
  19  1:38  Drone  
  20  1:49  Overlord  
  20  1:59  Queen x2  
  20  2:00  Drone x2  
  26  2:11  Zergling x2  
  26  2:12  Drone  
  26  2:15  Metabolic Boost  
  28  2:20  Drone  
  28  2:21  Drone  
  30  2:34  Hatchery  
  30  2:35  Drone  
  30  2:37  Drone  
  30  2:43  Drone  
  32  2:44  Overlord  
  32  2:54  Zergling x4  
  32  2:55  Baneling Nest  
  33  3:03  Zergling x2  
  34  3:08  Zergling x10  
  34  3:10  Drone  
  34  3:11  Drone  
  41  3:17  Overlord  
  41  3:19  Drone  
  42  3:28  Drone  
  42  3:30  Drone  
  44  3:34  Evolution Chamber  
  44  3:35  Queen  
  44  3:40  Baneling x2  
  45  3:41  Drone  
  45  3:42  Drone x3  
  45  3:44  Drone  
  50  3:53  Overlord  
  50  3:55  Drone x3  
  52  4:00  Zergling x6  
  52  4:10  Overlord  
  52  4:15  Drone  
  52  4:18  Drone  
  52  4:19  Zerg Missile Weapons Level 1, Drone x6  
  52  4:20  Drone  
  58  4:27  Baneling  
  58  4:29  Roach Warren  
  58  4:31  Zergling x6  
  60  4:35  Extractor, Drone  
  60  4:36  Extractor  
  59  4:39  Zergling x2  
  59  4:41  Baneling  
  59  4:45  Zergling x2  
  60  4:47  Zergling x2  
  60  4:48  Queen  
  60  4:50  Baneling  
  62  4:54  Drone x3  
  62  4:57  Overlord  
  62  4:59  Zergling x6  
  68  5:03  Zergling x4  
  68  5:05  Zergling x4  
  69  5:08  Zergling x4  
  69  5:09  Zergling x2  
  69  5:11  Queen  
  66  5:23  Roach x4  
  66  5:25  Baneling  
  66  5:28  Roach x2  
  77  5:31  Baneling  
  77  5:33  Roach  
  77  5:35  Zergling x6  
  81  5:48  Overlord  
  81  5:49  Overlord  
  77  5:57  Roach  
  77  5:58  Roach  
  77  6:04  Overlord  
  81  6:08  Zergling x6, Roach x3  
  81  6:10  Baneling x2  
  81  6:11  Baneling  
  90  6:12  Baneling x2  
  90  6:13  Baneling x3  
  90  6:17  Roach x2  
  90  6:18  Drone  
  95  6:21  Baneling  
  95  6:26  Roach  
  95  6:46  Ravager  
Show
View Real Time Build Order
Export as new Build Order

Denver Zerg 

Build Orders: Hatch First 

Get SALT Encoding   

  12  0:02  Drone  
  13  0:12  Overlord  
  13  0:17  Drone  
  14  0:30  Drone x2  
  16  0:47  Hatchery  
  15  0:51  Drone  
  15  0:55  Drone  
  17  0:58  Drone  
  18  1:09  Extractor  
  17  1:13  Spawning Pool  
  17  1:16  Drone  
  17  1:20  Drone  
  18  1:28  Drone  
  19  1:38  Drone  
  20  1:49  Drone  
  21  2:00  Queen x2, Overlord  
  25  2:01  Zergling x2  
  26  2:08  Metabolic Boost  
  26  2:10  Drone  
  26  2:11  Drone  
  28  2:22  Drone x2  
  30  2:33  Hatchery  
  30  2:36  Drone  
  30  2:37  Drone  
  30  2:44  Baneling Nest  
  30  2:46  Drone  
  30  2:48  Drone  
  32  2:53  Overlord  
  32  2:58  Zergling x2  
  33  3:01  Queen  
  33  3:05  Drone  
  36  3:11  Overlord  
  36  3:12  Drone x2  
  38  3:14  Drone  
  38  3:16  Drone  
  38  3:19  Drone  
  41  3:25  Evolution Chamber  
  41  3:26  Zergling x4  
  42  3:30  Zergling x2, Baneling x2  
  42  3:33  Zergling x2  
  45  3:34  Zergling x2  
  45  3:43  Drone x3  
  45  3:44  Overlord  
  48  3:52  Baneling x2  
  48  3:53  Zergling x2  
  48  3:54  Zergling x2  
  49  3:57  Baneling x2  
  49  4:00  Zergling x4  
  49  4:05  Zergling x2  
  49  4:06  Queen  
  50  4:11  Zergling x2  
  50  4:19  Zergling x2  
  50  4:20  Zergling x16  
  58  4:26  Zerg Melee Weapons Level 1  
  58  4:28  Zergling x4  
  60  4:32  Overlord  
  60  4:34  Extractor  
  60  4:37  Drone  
  60  4:41  Drone x4  
  60  4:42  Overlord  
  60  4:53  Zergling x6  
  60  4:58  Zergling x2  
  60  4:59  Zergling x10  
  67  5:05  Zergling x4  
  66  5:08  Lair  
  66  5:09  Zergling x2  
  64  5:17  Zergling x8  
  63  5:22  Zergling x2  
  63  5:23  Zergling x2  
  63  5:24  Baneling x2  
  63  5:26  Zergling x2  
  63  5:27  Zergling x6  
  68  5:29  Baneling x2  
  68  5:32  Zergling x2  
  68  5:33  Zergling x8  
  70  5:46  Zergling x10  
  69  5:54  Zergling x6  
  66  6:04  Zergling x2  
  66  6:05  Zergling x4  
  66  6:07  Baneling x4  
  66  6:08  Zergling x6  
  66  6:10  Queen  
  73  6:12  Extractor  
  73  6:13  Zergling x4  
  73  6:14  Baneling x6  
  73  6:17  Drone  
  75  6:23  Drone  
  75  6:24  Drone  
Tags
 
Add a new tag
Caveats
  • Supply blocks, unpowered buildings, or Contaminate may cause inaccurate times.
  • Supply counts are checked every 10 seconds.